 Dungeon Crawl Stone Soup version 0.29-a0-757-g358383bc75 (webtiles) character file.

Game seed: 11716991725998108770

639104 ptdevnull the Ruinous (level 27, -3/160 HPs)
             Began as a Gargoyle Earth Elementalist on June 28, 2022.
             Was the Champion of Ashenzari.
             Slain by a balrug
             ... wielding a +0 demon whip
              (17 damage)
             ... in the Vestibule of Hell on July 1, 2022.
             The game lasted 06:58:38 (93713 turns).

ptdevnull the Ruinous (GrEE)                       Turns: 93713, Time: 06:58:39

Health: -3/160     AC: 44    Str: 22    XL:     27
Magic:  4/46       EV: 17    Int: 27    God:    Ashenzari [******]
Gold:   2802       SH: 18    Dex: 13    Spells: 0/64 levels left

rFire   . . .      SeeInvis +   b - staff of conjuration (curse) {Melee, Elem}
rCold   . . .      Faith    .   K - +3 kite shield "Bound Ennui" {reflect, Fort, Elem} (curse)
rNeg    + + +      Spirit   .   u - +2 troll leather armour "Revealing Dismay" {Regen+ Str+5, Alch, Comp} (curse)
rPois   ∞          Reflect  +   g - +2 helmet "Bound Bad Feelings" {+Blink rN+ Regen+, Self, Alch} (curse)
rElec   +          Harm     .   O - +2 cloak "Restrained Together" {Will+, Fort, Elem} (curse)
rCorr   +          Rampage  .   Y - +2 pair of gloves of Ashenzari's Shame {Stlth+, Melee, Cun} (curse)
Will    ++++.      Clarity  +   J - +2 pair of boots of Ashenzari's Levity {Fort, Melee} (curse)
Stlth   ++++++....              n - amulet of the All-seeing Sky {RegenMP rN++ Str-4 Dex+2, Melee, Self} (curse)
HPRegen 1.96/turn               T - ring of the Ruined Planets {rCorr Str+6 Dex+3, Elem, Fort} (curse)
MPRegen 0.70/turn               S - ring "Shattered With Me" {Will+, Evo, Elem} (curse)

@: flying
A: sickness immunity, AC +20, big wings, negative energy resistance 1,
electricity resistance, torment resistance 1, petrification resistance, clumsy
1, frail 1, [deformed body]
}: 3/15 runes: serpentine, barnacled, silver
a: Renounce Religion, Evoke Blink, Shatter the Chains


You were in the Vestibule of Hell.
You worshipped Ashenzari.
Ashenzari was exalted by your worship.
You visited 16 branches of the dungeon, and saw 68 of its levels.
You also visited: Gauntlet and Ice Cave.

You collected 10812 gold pieces.
You spent 8010 gold pieces at shops.

Inventory:

Hand Weapons
 f - a +3 sacred scourge of holy wrath
Armour
 g - the cursed +2 helmet "Bound Bad Feelings" (worn) {+Blink rN+ Regen+, Self, Alch}
   (You bought it in a shop on level 1 of the Vaults)

   rN:        It protects you from negative energy.
   +Blink:    It lets you blink.
   Regen:     It increases your rate of health regeneration.
   It has a curse which improves the following skills: Introspection: Fighting
   and Spellcasting.
   Alchemy:   Poison Magic and Transmutations.
 u - the cursed +2 troll leather armour "Revealing Dismay" (worn) {Regen+ Str+5, Alch, Comp}
   (You took it off a deep elf demonologist on level 5 of the Vaults)

   Str:       It affects your strength (+5).
   Regen:     It increases your rate of health regeneration.
   It has a curse which improves the following skills: Alchemy: Poison Magic and
   Transmutations.
   Companions: Summonings and Necromancy.
 I - quicksilver dragon scales
 J - the cursed +2 pair of boots of Ashenzari's Levity (worn) {Fort, Melee}
   (You found it on level 1 of the Realm of Zot)

   It has a curse which improves the following skills: Fortitude: Armour and
   Shields.
   Melee Combat: Short Blades, Long Blades, Axes, Maces & Flails, Polearms,
   Staves and Unarmed Combat.
 K - the cursed +3 kite shield "Bound Ennui" (worn) {reflect, Fort, Elem}
   (You took it off Donald on level 3 of the Snake Pit)

   It has a curse which improves the following skills: Fortitude: Armour and
   Shields.
   Elements:  Fire Magic, Ice Magic, Air Magic and Earth Magic.
 O - the cursed +2 cloak "Restrained Together" (worn) {Will+, Fort, Elem}
   (You took it off a draconian knight on level 1 of the Realm of Zot)

   It has a curse which improves the following skills: Fortitude: Armour and
   Shields.
   Elements:  Fire Magic, Ice Magic, Air Magic and Earth Magic.
 Y - the cursed +2 pair of gloves of Ashenzari's Shame (worn) {Stlth+, Melee, Cun}
   (You bought it in a shop on level 1 of the Shoals)

   It has a curse which improves the following skills: Melee Combat: Short
   Blades, Long Blades, Axes, Maces & Flails, Polearms, Staves and Unarmed
   Combat.
   Cunning:   Dodging and Stealth.
 Z - +0 gold dragon scales
Magical Staves
 b - a cursed staff of conjuration (weapon) {Melee, Elem}
Jewellery
 n - the cursed amulet of the All-seeing Sky (around neck) {RegenMP rN++ Str-4 Dex+2, Melee, Self}
   (You acquired it on level 1 of the Lair of Beasts)

   [amulet of magic regeneration]

   It increases your rate of magic regeneration.
   Str:       It affects your strength (-4).
   Dex:       It affects your dexterity (+2).
   rN:        It greatly protects you from negative energy.
   It has a curse which improves the following skills: Melee Combat: Short
   Blades, Long Blades, Axes, Maces & Flails, Polearms, Staves and Unarmed
   Combat.
   Introspection: Fighting and Spellcasting.
 v - the ring "Itzoker" {rPois rC+ rCorr Dex-2 SInv}
   (You found it on level 3 of the Elven Halls)

   [ring of poison resistance]

   Dex:       It affects your dexterity (-2).
   rC:        It protects you from cold.
   rPois:     It protects you from poison.
   SInv:      It lets you see invisible.
   rCorr:     It protects you from acid and corrosion.
 S - the cursed ring "Shattered With Me" (right hand) {Will+, Evo, Elem}
   (You found it on level 4 of the Lair of Beasts)

   [ring of willpower]

   Will:      It increases your willpower.
   It has a curse which improves the following skills: Evocations: Evocations.
   Elements:  Fire Magic, Ice Magic, Air Magic and Earth Magic.
 T - the cursed ring of the Ruined Planets (left hand) {rCorr Str+6 Dex+3, Elem, Fort}
   (You found it in a Gauntlet)

   [ring of strength]

   Str:       It affects your strength (+6).
   Dex:       It affects your dexterity (+3).
   rCorr:     It protects you from acid and corrosion.
   It has a curse which improves the following skills: Elements: Fire Magic, Ice
   Magic, Air Magic and Earth Magic.
   Fortitude: Armour and Shields.
 W - the ring of the Pariah {rPois rF+ MP+9 Int+4 Dex+2}
   (You found it on level 3 of the Crypt)

   [ring of poison resistance]

   Int:       It affects your intelligence (+4).
   Dex:       It affects your dexterity (+2).
   rF:        It protects you from fire.
   rPois:     It protects you from poison.
   MP:        It affects your magic capacity (+9).
Wands
 h - a wand of polymorph (17)
 s - a wand of digging (9)
 w - a wand of iceblast (10)
 y - a wand of flame (6)
 F - a wand of light (10)
 M - a wand of mindburst (31)
 X - a wand of charming (45)
Scrolls
 c - 7 scrolls of amnesia
 k - a scroll of silence
 q - 17 scrolls of immolation
 t - 2 scrolls of torment
 x - 5 scrolls of magic mapping
 C - 10 scrolls of fear
 E - 11 scrolls of poison
 G - 14 scrolls of teleportation
 N - 9 scrolls of fog
Potions
 d - 8 potions of resistance
 e - 11 potions of attraction
 j - 13 potions of brilliance
 m - a potion of magic
 o - 15 potions of haste
 p - 9 potions of ambrosia
 z - 3 potions of cancellation
 B - 4 potions of heal wounds
 L - 30 potions of curing
 P - 7 potions of might
 U - 6 potions of invisibility
Miscellaneous
 i - a tin of tremorstones (2/2)
 l - a condenser vane
 r - a box of beasts
 D - a lightning rod (4/4)
 R - a phial of floods
 V - a phantom mirror


   Skills:
 - Level 15.8(19.6) Fighting
 - Level 12.0(18.4) Maces & Flails
 - Level 5.1(13.1) Staves
 - Level 16.4(22.5) Armour
 - Level 11.4(14.0) Dodging
 - Level 9.3(12.0) Stealth
 - Level 13.3(19.5) Shields
 - Level 15.3(19.1) Spellcasting
 - Level 22.4 Conjurations
 - Level 7.6 Hexes
 - Level 7.5(10.2) Summonings
 - Level 9.9(12.5) Necromancy
 - Level 4.5 Translocations
 - Level 10.7(14.6) Transmutations
 - Level 7.5(14.4) Fire Magic
 + Level 16.5(23.6) Ice Magic
 - Level 21.9(27) Earth Magic
 - Level 12.7(15.3) Evocations


You couldn't memorise any spells.
You knew the following spells:

 Your Spells              Type           Power      Damage    Failure   Level
b - Borgnjor's Vile Clut  Necr/Erth      46%        N/A       1%          5
c - Death Channel         Necr           38%        N/A       2%          6
d - Lee's Rapid Deconstr  Erth           53%        3d26*     0%          5
f - Fireball              Conj/Fire      56%        3d22      1%          5
i - Iron Shot             Conj/Erth      63%        9d12      0%          6
l - Leda's Liquefaction   Hex/Erth       44%        N/A       1%          4
m - Summon Forest         Summ/Tloc      30%        N/A       3%          5
o - Ozocubu's Armour      Ice            100%       N/A       0%          3
p - Passwall              Tmut/Erth      79%        N/A       0%          2
r - Ozocubu's Refrigerat  Ice            50%        4d15      1%          7
s - Spellforged Servitor  Conj/Summ      53%        N/A       2%          7
y - Petrify               Tmut/Erth      95%        N/A       0%          4
z - Orb of Destruction    Conj           60%        9d15      1%          7

Your spell library contained the following spells:

 Spells                   Type           Power      Damage    Failure   Level
 Magic Dart               Conj           100%       1d8       0%          1
 Necrotize                Necr           100%       1d9       0%          1
 Sandblast                Erth           100%       2d20      0%          1
 Ensorcelled Hibernation  Hex/Ice        100%       N/A       0%          2
 Scorch                   Fire           100%       2d10      0%          2
 Searing Ray              Conj           100%       2d8       0%          2
 Dazzling Flash           Conj/Hex       100%       N/A       0%          3
 Stone Arrow              Conj/Erth      100%       3d13      0%          3
 Animate Armour           Summ/Erth      100%       N/A       0%          4
 Hailstorm                Conj/Ice       100%       3d20      0%          4
 Ice Form                 Ice/Tmut       92%        N/A       0%          4
 Iskenderun's Battlesphe  Conj           100%       2d15      0%          5
 Apportation              Tloc           100%       N/A       1%          1
 Shock                    Conj/Air       100%       1d9       1%          1
 Static Discharge         Conj/Air       94%        N/A       1%          2
 Gell's Gravitas          Tloc           50%        N/A       1%          3
 Ignite Poison            Fire/Tmut/Pois 68%        N/A       1%          3
 Inner Flame              Hex/Fire       71%        N/A       1%          3
 Lesser Beckoning         Tloc           50%        N/A       1%          3
 Mephitic Cloud           Conj/Pois/Air  81%        N/A       1%          3
 Portal Projectile        Hex/Tloc       100%       N/A       1%          3
 Spider Form              Tmut/Pois      61%        N/A       1%          3
 Teleport Other           Tloc           50%        N/A       1%          3
 Vampiric Draining        Necr           76%        2d11      1%          3
 Anguish                  Hex/Necr       34%        N/A       1%          4
 Animate Dead             Necr           76%        N/A       1%          4
 Cause Fear               Hex            30%        N/A       1%          4
 Dispel Undead            Necr           76%        3d25      1%          4
 Fulminant Prism          Conj/Hex       51%        3d23      1%          4
 Summon Ice Beast         Ice/Summ       87%        N/A       1%          4
 Agony                    Necr           76%        N/A       1%          5
 Blade Hands              Tmut           40%        N/A       1%          5
 Irradiate                Conj/Tmut      56%        3d32      1%          5
 Lightning Bolt           Conj/Air       47%        1d67      1%          5
 Metabolic Englaciation   Hex/Ice        42%        N/A       1%          5
 Summon Mana Viper        Hex/Summ       65%        N/A       1%          5
 Simulacrum               Ice/Necr       44%        N/A       1%          6
 Summon Lightning Spire   Summ/Air       54%        N/A       2%          4
 Corpse Rot               Necr/Pois/Air  51%        N/A       3%          4
 Alistair's Intoxication  Tmut/Pois      40%        N/A       3%          5
 Conjure Ball Lightning   Conj/Air       47%        3x3d16    3%          6
 Swiftness                Air            31%        N/A       4%          3
 Airstrike                Air            15%        N/A       16%         4
 Eringya's Noxious Bog    Tmut/Pois      30%        N/A       17%         6
 Monstrous Menagerie      Summ           34%        N/A       32%         7
 Summon Hydra             Summ           34%        N/A       32%         7
 Necromutation            Tmut/Necr      39%        N/A       54%         8
 Borgnjor's Revivificati  Necr           38%        N/A       67%         8
 Discord                  Hex            30%        N/A       100%        8
 Disjunction              Tloc           25%        N/A       100%        8
 Maxwell's Capacitive Co  Air            15%        ∞         100%        8
 Death's Door             Necr           38%        N/A       100%        9
 Statue Form              Tmut/Erth      Unusable   N/A       N/A         6

Dungeon Overview and Level Annotations

Branches:
Dungeon (15/15)            Temple (1/1) D:5            Lair (6/6) D:8
 Shoals (4/4) Lair:2        Snake (4/4) Lair:3        Slime (5/5) Lair:6
    Orc (2/2) D:9             Elf (3/3) Orc:2        Vaults (5/5) D:14
  Crypt (3/3) Vaults:2       Tomb (0/3) Crypt:3      Depths (4/4) D:15
   Hell (1/1)                 Dis (2/7) Hell            Geh (2/7) Hell
    Coc (0/7) Hell            Tar (6/7) Hell            Zot (5/5) Depths:4
  IceCv (visited)         Gauntlet (visited)

Altars:
Ashenzari
Cheibriados
Elyvilon
Fedhas
Gozag
Hepliaklqana
Kikubaaqudgha
Makhleb
Nemelex Xobeh
Okawaru
Qazlal
Ru
Sif Muna
Trog
Uskayaw
Vehumet
Yredelemnul
Zin
Jiyva
Lugonu

Shops:
D:1 ?   D:4 *   D:9 [   D:12 *   D:14 (   D:15 (*(   Orc:2 :!(*   Shoals:1 *
Shoals:2 ?   Shoals:3 :   Snake:1 ((   Snake:3 (*?   Vaults:1 [   Vaults:3 ?[:(
Depths:3 !

Portals:
Hell: Depths:1 Depths:2 Depths:3 Depths:4
Abyss: Depths:1 Depths:3
Pandemonium: Depths:2 Depths:3
Ziggurat: Depths:4

Annotations:
Vaults:4 2 transporters, 2FriedEggs's ghost, adept DgCj


Innate Abilities, Weirdness & Mutations

You are immune to sickness and miasma.
Your stone body is resilient. (AC +20)
You are immune to poison.
Your large and strong wings let you fly.
You resist negative energy. (rN+)
You are resistant to electric shocks. (rElec)
You are resistant to unholy torment.
You are immune to petrification.
You are clumsy. (Dex -2)
You are frail. (-10% HP)
[Armour fits poorly on your strangely shaped body.]


Message History

You hit the fire giant but do no damage.
You blast the fire giant!
The fire giant is almost dead.
You hit the fire giant but do no damage.
The fire giant is almost dead.
The fire giant points at you and mumbles some strange words.
The bolt of fire hits you!
* * * LOW HITPOINT WARNING * * *
You hit the fire giant.
You blast the fire giant!
You kill the fire giant!
You see here a +0 great sword of flaming.
Things that are here:
a +0 great sword of flaming; a fire giant corpse
There is a stone staircase leading down here.
You fly downwards.
You shiver with fear.
Your body twists and deforms.
The balrug shouts!
The hell hog squeals angrily. x4; The fire giant shouts!
There is a gateway leading out of Gehenna here.
Unknown command.
You hear a shout!
The hell hog breathes fire at you.
The fireball explodes!
The fireball engulfs the balrug.
The balrug completely resists.
The fireball engulfs you!
* * * LOW HITPOINT WARNING * * *
You block the balrug's attack.
You hear a roar!
You fly up through the gate.
Welcome back to the Vestibule of Hell!
There is a gateway to the ashen valley of Gehenna here.
Casting: Iron Shot (safe; 0% risk of failure)
Confirm with . or Enter, or press ? or * to list all spells.
Aiming: Iron Shot (safe; 0% risk of failure)
Press: ? - help, Shift-Dir - straight line, f - balrug
Aim: a balrug, wielding a +0 demon whip (76% to hit)
You feel a surge of power!
The iron shot hits the balrug!!!
The balrug is almost dead.
The balrug hits you with a +0 demon whip!
* * * LOW HITPOINT WARNING * * *
You are engulfed in flames!
You die...

.....................≈≈#
#....................≈≈#
##...........≈≈.§.≈..§≈#
.##..........§§≈≈≈≈§≈..#
..##........≈≈#####≈≈§§#
.∩.##.....§≈≈##...##≈≈§#
≈...##....§≈##.....##§.#
≈..........§#....2..#≈.#
≈≈.........≈#...@...#≈.#
≈§.........≈#.......#§.#
≈§..##.....≈##.....##≈.##
.∩.##......≈≈##...##≈§.###
..##........≈≈##'##≈≈≈§###
.##.........≈§≈...≈≈≈..###
##...........§≈...≈...§###
#....................≈≈###
.....................≈≈###


You could see a balrug.

Vanquished Creatures
  the Royal Jelly (Slime:5)
  2 ancient liches
  A dread lich (Hell)
  An orb of fire (Zot:2)
  Mara (Elf:3)
  Mennas (Vaults:4)
  4 juggernauts
  Sojobo (Vaults:4)
  Parghit (Zot:2)
  Bai Suzhen (Depths:2)
  A curse toe (Zot:4)
  Saint Roka (Elf:3)
  Vashnia (Snake:2)
  8 golden dragons
  Geryon (Hell)
  A profane servitor (Tar:1)
  6 bone dragons
  3 doom hounds
  4 Tzitzimimeh
  A hellephant (Geh:1)
  4 tainted leviathans
  A searing wretch (Geh:1)
  Rupert (Lair:6)
  Mlioglotl (Shoals:2)
  14 tentacled monstrosities
  A walking earthen tome (Depths:1)
  7 liches
  16 acid blobs
  4 quicksilver dragons
  A kraken (Shoals:3)
  3 deep elf blademasters
  2 deep elf master archers (Elf:3)
  5 titans
  16 ancient champions
  13 sphinxes
  8 death cobs
  Frances (Shoals:1)
  Roxanne (Snake:3)
  13 tengu reavers
  6 revenants
  11 shadow dragons
  7 azure jellies
  5 draconian monks
  13 storm dragons
  Ilsuiw (Shoals:3)
  7 nagarajas
  12 rockslimes
  10 frost giants
  5 deep elf sorcerers
  7 fire giants
  11 vault wardens
  Aizul (Depths:2)
  A draconian shifter (Zot:2)
  Louise (Snake:4)
  5 draconian knights
  2 spectral juggernauts
  9 ghouls
  A balrug (Geh:1)
  2 iron dragons
  3 ghost moths
  An orc warlord (Vaults:2)
  A curse skull (Crypt:3)
  4 deep elf elementalists (Elf:3)
  6 spectral caustic shrikes
  3 draconian stormcallers
  A cacodemon (Hell)
  7 war gargoyles
  14 quicksilver oozes
  3 draconian scorchers
  24 ironbound preservers
  11 reapers
  A juggernaut skeleton (Crypt:2)
  2 draconian annihilators (Zot:1)
  13 very ugly things
  6 ironbound thunderhulks
  9 vampire knights
  9 green draconians
  20 stone giants
  A lorocyproca (Hell)
  8 black draconians
  2 spectral titans
  6 deep elf annihilators
  9 red draconians
  6 deep elf demonologists
  Azrael (D:12)
  6 purple draconians
  12 eidola
  7 spark wasps (Depths:3)
  11 yellow draconians
  11 dire elephants
  An entropy weaver (Vaults:4)
  7 putrid mouths
  The ghost of lunkers the Fighter, a journeyman MeFi of Okawaru (Lair:3)
  A minotaur (Gauntlet)
  4 white draconians
  An iron golem (Dis:2)
  15 ettins
  7 deep elf death magi
  7 blizzard demons
  2 spectral quicksilver dragons (Crypt:3)
  12 yaktaur captains
  2 merfolk javelineers
  9 fire dragons
  8 merfolk impalers
  2 spectral iron giants
  6 great orbs of eyes
  4 deep elf high priests
  12 jiangshi
  Fannar (D:12)
  5 rakshasas
  5 spectral spriggans
  A spriggan zombie (Crypt:1)
  A fenstrider witch zombie (Crypt:1)
  5 salamander tyrants
  9 hydras
  3 merfolk avatars
  Erolcha (D:9)
  39 vault guards
  A hell beast (Depths:4)
  12 anacondas
  2 ogre magi
  5 ice dragons
  12 boulder beetles
  A catoblepas (Lair:6)
  28 centaur warriors
  An Orb Guardian zombie (Crypt:1)
  4 merfolk aquamancers
  11 ironbound frosthearts
  4 spriggan air magi
  A spectral stone giant (Crypt:3)
  3 death knights
  4 two-headed ogres
  7 vampire magi
  29 dancing weapons
  2 death scarabs (Gauntlet)
  3 satyrs (Shoals:2)
  6 naga warriors
  3 spectral dire elephants
  10 tengu warriors
  3 spectral storm dragons (Crypt:3)
  4 hell hogs (Hell)
  5 deep troll shamans
  2 orc high priests
  6 death yaks
  5 deep troll earth magi
  7 shock serpents
  2 spriggan berserkers
  A shock serpent (shapeshifter) (Depths:2)
  17 naga sharpshooters
  21 hell knights
  6 soul eaters
  17 deep elf knights
  Sonja (Orc:1)
  5 sixfirhies
  A titan skeleton (Crypt:1)
  4 sun demons
  4 salamander mystics
  6 shadow wraiths
  An iron troll (Depths:4)
  12 skeletal warriors
  2 spectral anacondas
  A fire crab (shapeshifter) (D:15)
  6 glowing orange brains
  21 sea snakes
  7 flayed ghosts
  A sea snake (shapeshifter) (Vaults:5)
  7 spriggan simulacra
  69 deep trolls
  A spectral iron dragon (Crypt:3)
  17 phantasmal warriors
  6 wizards
  An iron giant skeleton (Crypt:3)
  4 bog bodies
  8 naga ritualists
  17 ironbound convokers
  2 obsidian statues
  3 spectral hydras
  24 deep elf archers
  11 lindwurms
  38 deep elf zephyrmancers
  24 harpies
  An anaconda skeleton (Hell)
  4 necromancers
  Pikel (D:6)
  8 orc knights
  9 orc sorcerers
  A wolf spider (shapeshifter) (Elf:3)
  17 salamanders
  43 deep elf pyromancers
  An oklob plant (Lair:6)
  17 mana vipers
  A sphinx skeleton (Depths:1)
  10 fauns
  40 ugly things
  2 shining eyes
  A jorogumo skeleton (Crypt:3)
  A mana viper (shapeshifter) (D:15)
  11 cyclopes
  19 manticores
  8 merfolk sirens
  5 spectral centaurs
  A frost giant skeleton (Depths:1)
  5 spectral ettins
  A salamander (shapeshifter) (Elf:2)
  17 moths of wrath
  4 elephants (Lair:6)
  9 guardian serpents
  4 eyes of devastation
  A smoke demon (Depths:4)
  2 stone giant skeletons
  41 black mambas
  14 vault sentinels
  9 naga magi
  8 rust devils
  14 water nymphs
  2 cane toads (shapeshifter)
  2 ice statues (Hell)
  17 cane toads
  A torpor snail (Lair:5)
  2 eyes of devastation (shapeshifter)
  3 orange demons
  5 gargoyles
  10 hellions
  A catoblepas zombie (Crypt:2)
  A sea snake zombie (Hell)
  A komodo dragon (shapeshifter) (Elf:1)
  33 yaktaurs
  5 kobold demonologists
  An unseen horror (D:11)
  11 rime drakes
  Maggie (D:7)
  2 green draconian zombies
  Psyche (D:10)
  4 anaconda simulacra
  6 entropy weaver simulacra (IceCv)
  31 freezing wraiths
  10 komodo dragons
  13 ice devils
  A purple draconian skeleton (Crypt:2)
  10 tormentors
  2 efreet (D:15)
  5 tengu conjurers
  A death yak skeleton (Crypt:2)
  A spriggan skeleton (Depths:1)
  2 red devils
  5 trolls
  9 wind drakes
  3 polar bears (Lair:6)
  14 merfolk
  4 spectral harpies
  3 spectral nagas
  2 silent spectres
  A hydra zombie (Hell)
  2 meliai (D:15)
  6 hornets
  Grinder (D:6)
  2 hydra skeletons (Hell)
  2 dream sheep (Lair:6)
  91 slime creatures
  10 snapping turtles
  20 blink frogs
  A slime creature (shapeshifter) (Depths:2)
  2 ettin zombies (Crypt:1)
  3 centaur simulacra
  A spectral black mamba (Crypt:3)
  10 flying skulls
  2 vampires
  An ettin skeleton (Vaults:1)
  5 dire elephant simulacra (IceCv)
  8 air elementals
  14 spriggans
  10 wyverns
  A shadow (Crypt:3)
  A wind drake zombie (Crypt:3)
  62 yaks
  An alligator skeleton (Hell)
  10 fire elementals
  34 water elementals
  8 wraiths
  6 basilisks
  A redback (Vaults:5)
  A sea snake simulacrum (Hell)
  4 minotaur simulacra (IceCv)
  A neqoxec (Depths:4)
  3 chaos spawn (Depths:3)
  A human (D:14)
  A steam dragon (D:7)
  3 wargs
  Menkaure (D:4)
  A warg (shapeshifter) (D:13)
  A spectral cane toad (Gauntlet)
  4 vampire mosquitoes (D:13)
  27 nagas
  2 harpy simulacra (IceCv)
  12 water moccasins
  Duvessa (D:6)
  A fire bat skeleton (Crypt:3)
  7 hell hounds
  2 hydra simulacra
  2 sky beasts
  A deep troll skeleton (Crypt:1)
  3 floating eyes
  2 ice beasts
  26 orc warriors
  A meliai simulacrum (Gauntlet)
  A spectral torpor snail (Gauntlet)
  An elf simulacrum (Vaults:1)
  5 ogres
  5 black bears
  An alligator simulacrum (IceCv)
  5 boggarts
  26 wolves
  15 centaurs
  A shining eye zombie (Crypt:1)
  A phantom (D:3)
  A human skeleton (Vaults:1)
  Blork the orc (D:6)
  A yaktaur zombie (Crypt:1)
  A draconian zombie (Crypt:1)
  An elf zombie (Crypt:3)
  3 bullfrogs
  2 gnoll sergeants
  6 deep troll simulacra (IceCv)
  3 scorpions
  3 earth elementals
  3 necrophages
  Dowan (D:6)
  3 wights (D:10)
  A polar bear zombie (Crypt:1)
  5 killer bees (D:8)
  A lindwurm simulacrum (IceCv)
  5 howler monkeys
  6 electric eels
  A lava snake (Lair:1)
  A bullfrog zombie (Crypt:2)
  5 hounds
  3 jellies
  21 orc priests
  Crazy Yiuf (D:2)
  An iguana (D:6)
  30 orc wizards
  2 hell rats (Lair:4)
  An ogre zombie (Crypt:2)
  An ogre skeleton (Crypt:1)
  A boggart simulacrum (Gauntlet)
  Robin (D:4)
  8 gnolls
  11 adders
  2 shadow imps
  A white imp (D:7)
  A worm (D:2)
  2 dart slugs
  69 orcs
  A bat zombie (Crypt:1)
  9 endoplasms
  5 giant cockroaches
  11 goblins
  5 hobgoblins
  2 jackals (D:3)
  2 quokkas (D:3)
  11 ball pythons
  A ball python skeleton (Crypt:2)
  8 bats
  4 frilled lizards
  A hobgoblin skeleton (Crypt:1)
  A jackal zombie (Crypt:1)
  6 kobolds
  4 rats
  A creeping inferno (Hell)
  5 fire vortices
  2 tentacles (Shoals:3)
2537 creatures vanquished.

Vanquished Creatures (collateral kills)
  Donald (Snake:3)
  2 quicksilver oozes (Slime:5)
  A very ugly thing (Vaults:2)
  A fire dragon (Depths:1)
  2 merfolk impalers (Shoals:4)
  A merfolk javelineer (Shoals:4)
  A yaktaur captain (Vaults:3)
  A vault guard (Vaults:4)
  A merfolk aquamancer (Shoals:4)
  2 anacondas
  An alligator snapping turtle (Shoals:4)
  A deep troll earth mage (Depths:3)
  2 naga sharpshooters (Snake:1)
  2 deep trolls
  A harpy (Shoals:4)
  A deep elf pyromancer (Elf:2)
  A merfolk siren (Shoals:4)
  A yaktaur (Vaults:3)
  2 snapping turtles (Shoals:4)
  A wind drake (Shoals:4)
  A water elemental (Shoals:4)
  A naga (Snake:1)
28 creatures vanquished.

Vanquished Creatures (others)
  A tengu reaver (Vaults:4)
  A purple draconian (Depths:4)
  A yellow draconian (Zot:3)
  An orc high priest (Elf:1)
  2 deep elf knights
  A deep elf archer (Elf:2)
  A jelly (D:5)
  An orc priest (Orc:2)
  An orc wizard (Orc:2)
  34 fungi
  206 plants
  10 tentacles (Shoals:3)
260 creatures vanquished.

Grand Total: 2825 creatures vanquished

Notes
Turn   | Place    | Note
-------+----------+-------------------------------------------
     0 | D:1      | ptdevnull the Gargoyle Earth Elementalist began the quest
                  | for the Orb.
     0 | D:1      | Reached XP level 1. HP: 10/10 MP: 3/3
   238 | D:1      | Reached skill level 1 in Transmutations
   239 | D:1      | Reached XP level 2. HP: 15/15 MP: 1/5
   580 | D:1      | Learned a level 2 spell: Passwall
   645 | D:1      | Found Uczun's Magic Scroll Shop.
   652 | D:1      | Bought a scroll of identify for 22 gold pieces
   873 | D:1      | Found a faded altar of an unknown god.
  1047 | D:2      | Reached XP level 3. HP: 19/19 MP: 3/6
  1250 | D:2      | Found a runed translucent door.
  1250 | D:2      | Found the +8 whip "Snakebite" {venom, curare, rPois}
  1251 | D:2      | Noticed Crazy Yiuf
  1257 | D:2      | Killed Crazy Yiuf
  1258 | D:2      | Reached XP level 4. HP: 24/24 MP: 4/7
  1476 | D:2      | Reached skill level 1 in Maces & Flails
  1855 | D:3      | Got Sif Muna's Disquisition on Fiery Enchantment
  1898 | D:3      | Reached XP level 5. HP: 28/28 MP: 5/8
  2261 | D:3      | Noticed a phantom
  2269 | D:3      | Killed a phantom
  2333 | D:3      | Reached XP level 6. HP: 24/32 MP: 6/9
  2818 | D:4      | Noticed Robin
  2907 | D:4      | Noticed Menkaure
  2916 | D:4      | Killed Menkaure
  2917 | D:4      | Reached skill level 5 in Maces & Flails
  2917 | D:4      | Reached XP level 7. HP: 16/36 MP: 6/10
  3117 | D:4      | Found Patwem's Assorted Antiques.
  3146 | D:4      | Bought a thin ruby amulet for 140 gold pieces
  3192 | D:4      | Killed Robin
  3503 | D:4      | Learned a level 3 spell: Stone Arrow
  3508 | D:4      | Learned a level 4 spell: Petrify
  3514 | D:5      | Entered Level 5 of the Dungeon
  3706 | D:5      | Found a staircase to the Ecumenical Temple.
  3710 | D:5      | Found a radiant altar of Vehumet.
  3783 | D:5      | Reached XP level 8. HP: 15/41 MP: 8/11
  4578 | D:5      | Found a burning altar of Makhleb.
  5172 | D:6      | Noticed Pikel
  5258 | D:6      | Killed Pikel
  5259 | D:6      | Reached skill level 10 in Maces & Flails
  5290 | D:6      | Reached XP level 9. HP: 25/45 MP: 12/12
  5702 | D:6      | Noticed Duvessa
  5715 | D:6      | Killed Duvessa
  5738 | D:6      | Noticed Dowan
  5744 | D:6      | Killed Dowan
  6272 | D:6      | Noticed Grinder
  6279 | D:6      | Killed Grinder
  6767 | D:6      | Noticed Blork the orc
  6774 | D:6      | Killed Blork the orc
  6775 | D:6      | Reached skill level 5 in Earth Magic
  6935 | D:7      | Found an iron altar of Okawaru.
  6941 | D:7      | Noticed Maggie
  6952 | D:7      | Killed Maggie
  6953 | D:7      | Reached skill level 1 in Fighting
  7278 | Temple   | Entered the Ecumenical Temple
  7496 | Temple   | Became a worshipper of Ashenzari the Shackled
  7709 | D:7      | Reached XP level 10. HP: 45/56 MP: 11/13
  8335 | D:8      | Found a stormy altar of Qazlal.
  8336 | D:8      | Found a staircase to the Lair.
  8616 | D:8      | Reached skill level 1 in Shields
  8873 | D:8      | Found a shimmering blue altar of Sif Muna.
  9100 | D:9      | Noticed a two-headed ogre
  9152 | Lair:1   | Entered Level 1 of the Lair of Beasts
  9152 | Lair:1   | Noticed a cane toad
  9165 | Lair:1   | Killed a cane toad
  9434 | Lair:1   | Noticed a cane toad
  9448 | Lair:1   | Killed a cane toad
  9449 | Lair:1   | Reached skill level 5 in Fighting
 10080 | D:8      | Reached skill level 5 in Shields
 10080 | D:8      | Reached XP level 11. HP: 46/66 MP: 14/14
 10657 | Lair:1   | Reached skill level 1 in Conjurations
 10657 | Lair:1   | Reached * piety under Ashenzari
 10657 | Lair:1   | Identified a scroll of acquirement
 10811 | Lair:1   | Acquired the amulet "Fizer Afe" {RegenMP rN++ Str-4 Dex+2}
 11061 | Lair:2   | Noticed a manticore
 11061 | Lair:2   | Found a staircase to the Shoals.
 11673 | Lair:2   | Reached skill level 10 in Earth Magic
 11790 | Lair:2   | Killed a manticore
 11791 | Lair:2   | Reached skill level 2 in Conjurations
 12096 | Lair:2   | Reached ** piety under Ashenzari
 13030 | Lair:3   | Found a staircase to the Snake Pit.
 13075 | Lair:3   | Reached skill level 1 in Evocations
 13177 | Lair:3   | Noticed an eight-headed hydra
 13184 | Lair:3   | Killed an eight-headed hydra
 13202 | Lair:3   | Reached *** piety under Ashenzari
 13319 | Lair:3   | Reached XP level 12. HP: 64/80 MP: 22/22
 13459 | Lair:3   | Found a large runed translucent door.
 13459 | Lair:3   | Found a large runed translucent door.
 13461 | Lair:3   | Noticed lunkers's ghost (journeyman MeFi)
 13461 | Lair:3   | Identified the ring "Yxkaaf" {Fly Str+3 Int-4}
 13760 | Lair:4   | Found a stormy altar of Qazlal.
 13799 | Lair:4   | Noticed a death yak
 13809 | Lair:4   | Noticed a death yak
 13811 | Lair:4   | Noticed a death yak
 13815 | Lair:4   | Killed a death yak
 13825 | Lair:4   | Killed a death yak
 13863 | Lair:4   | Noticed a death yak
 13866 | Lair:4   | Noticed a death yak
 13869 | Lair:4   | Noticed a death yak
 13887 | Lair:4   | Killed a death yak
 13902 | Lair:3   | Killed a death yak
 14112 | Lair:4   | Reached skill level 5 in Dodging
 14415 | Lair:4   | Reached skill level 3 in Conjurations
 14418 | Lair:4   | Noticed a boulder beetle
 14443 | Lair:4   | Killed a boulder beetle
 14444 | Lair:4   | Reached skill level 1 in Armour
 14720 | Lair:4   | Reached skill level 4 in Conjurations
 14766 | Lair:4   | Acquired 840 gold pieces
 14775 | Lair:4   | Noticed a boulder beetle
 14786 | Lair:4   | Killed a boulder beetle
 15017 | Lair:4   | Killed a death yak
 15033 | Lair:4   | Killed a death yak
 15230 | Lair:4   | Noticed a four-headed hydra
 15232 | Lair:4   | Reached **** piety under Ashenzari
 15237 | Lair:4   | Killed a four-headed hydra
 15238 | Lair:4   | Reached skill level 5 in Conjurations
 15238 | Lair:4   | Reached XP level 13. HP: 87/87 MP: 14/23
 15687 | Lair:4   | Learned a level 5 spell: Iskenderun's Battlesphere
 15795 | Lair:4   | Reached skill level 6 in Conjurations
 17078 | Lair:5   | Learned a level 3 spell: Dazzling Flash
 17279 | Lair:5   | Reached skill level 7 in Conjurations
 17413 | Lair:6   | Entered Level 6 of the Lair of Beasts
 17647 | Lair:6   | Reached skill level 8 in Conjurations
 17661 | Lair:6   | Gained mutation: Your large and strong wings let you fly.
                  | [Gargoyle growth]
 17661 | Lair:6   | Reached XP level 14. HP: 64/91 MP: 23/23
 18338 | Lair:6   | Reached skill level 9 in Conjurations
 18503 | Lair:6   | Noticed Rupert
 18513 | Lair:6   | Killed Rupert
 18562 | Lair:6   | Reached skill level 10 in Conjurations
 18608 | Lair:6   | Found a viscous altar of Jiyva.
 18976 | Lair:6   | Reached skill level 11 in Conjurations
 19380 | Lair:6   | Found a staircase to the Slime Pits.
 19589 | Snake:1  | Entered Level 1 of the Snake Pit
 19969 | D:9      | Noticed Erolcha
 19987 | D:9      | Killed Erolcha
 19988 | D:9      | Reached skill level 5 in Spellcasting
 20151 | D:9      | Reached skill level 5 in Transmutations
 20346 | D:9      | Reached ***** piety under Ashenzari
 20355 | D:9      | Learned a level 7 spell: Orb of Destruction
 20449 | D:9      | Found Jiodwoaz's Antique Armour Shop.
 20462 | D:9      | Bought an embroidered cloak for 210 gold pieces
 20462 | D:9      | Bought a runed cloak for 210 gold pieces
 20462 | D:9      | Bought a pair of runed gloves for 210 gold pieces
 20509 | D:9      | Found a staircase to the Orcish Mines.
 20767 | Orc:1    | Entered Level 1 of the Orcish Mines
 20770 | Orc:1    | Noticed Sonja
 20811 | Orc:1    | Killed Sonja
 21193 | Orc:2    | Entered Level 2 of the Orcish Mines
 21411 | Orc:2    | Found a staircase to the Elven Halls.
 21808 | Orc:2    | Reached XP level 15. HP: 72/99 MP: 12/29
 22219 | Orc:2    | Found Vutor's Assorted Antiques.
 22232 | Orc:2    | Found Qahuish's Distillery.
 22233 | Orc:2    | Found Eguq's Book Shoppe.
 22286 | Orc:2    | Found Vuarpheof's Antique Weapon Emporium.
 22289 | Orc:2    | Bought a wand of flame (5) for 28 gold pieces
 22290 | Orc:2    | Bought a glowing dire flail for 196 gold pieces
 22292 | Orc:2    | Bought a potion of cancellation for 136 gold pieces
 22292 | Orc:2    | Bought a potion of curing for 51 gold pieces
 22292 | Orc:2    | Bought a potion of heal wounds for 85 gold pieces
 22292 | Orc:2    | Bought a potion of haste for 170 gold pieces
 22671 | D:10     | Entered Level 10 of the Dungeon
 22744 | D:10     | Noticed Psyche
 22746 | D:10     | Killed Psyche
 22936 | D:10     | Reached skill level 12 in Conjurations
 23069 | D:10     | Reached ****** piety under Ashenzari
 23182 | D:10     | Reached skill level 1 in Hexes
 24372 | D:12     | Noticed Fannar
 24378 | D:12     | Killed Fannar
 24449 | D:12     | Upgraded the game from 0.29-a0-721-g7f417c9bbb to
                  | 0.29-a0-723-gce39da1c22
 24484 | D:12     | Found Cutocry's Blood Bar.
 24606 | D:12     | Noticed Azrael
 24732 | D:13     | Found a gate leading to a gauntlet.
 24743 | Gauntlet | Entered a Gauntlet
 24743 | Gauntlet | Found a transporter.
 24780 | Gauntlet | Found a transporter.
 24798 | Gauntlet | Found a transporter.
 24799 | Gauntlet | Found a transporter.
 24799 | Gauntlet | Identified the +0 hat of Kleptomania {Int+6}
 24819 | Gauntlet | Found a transporter.
 24821 | Gauntlet | Identified the ring "Ishripp" {rCorr Str+6 Dex+3}
 24831 | Gauntlet | Identified the +3 robe of the Chupacabra {Rampage Will+
                  | Int+3}
 24832 | Gauntlet | Found a transporter.
 24836 | Gauntlet | Found a transporter.
 24840 | Gauntlet | Found a transporter.
 24840 | Gauntlet | Identified the ring "Kipi Zov" {rF+ rCorr Dex+3 Slay+4}
 24844 | Gauntlet | Identified the +5 scimitar "Casoeqom" {vorpal, +Blink}
 24860 | Gauntlet | Found a transporter.
 24882 | Gauntlet | Identified the +2 pair of boots "Oravuut" {rC+ rCorr
                  | Stlth-}
 24888 | Gauntlet | Found a transporter.
 24888 | Gauntlet | Found a transporter.
 24888 | Gauntlet | Identified the ring "Jeunel" {rPois rN+ Str+6 Dex+3 Stlth-}
 24896 | Gauntlet | Found a transporter.
 25879 | D:13     | Reached skill level 13 in Conjurations
 27735 | D:13     | Acquired a +1 demon whip of venom
 28029 | D:14     | Reached skill level 14 in Conjurations
 28074 | D:14     | Found Uczun's Weapon Shop.
 28763 | D:14     | Reached XP level 16. HP: 103/103 MP: 15/29
 28801 | D:14     | Found a gate to the Vaults.
 29013 | D:15     | Entered Level 15 of the Dungeon
 29251 | D:15     | Reached skill level 15 in Conjurations
 29328 | D:15     | Identified the ring of Zeot {Fire rN+ Will- Int+2}
 29340 | D:15     | HP: 1/103 [salamander/+0 halberd (10)]
 30004 | D:15     | Found a staircase to the Depths.
 30044 | D:15     | Found a transporter.
 30787 | D:15     | Found Votzieq's Antique Weapon Emporium.
 30941 | D:15     | Identified the ring "Lecych" {Drain rPois rN+++ Str+3
                  | Dex+6}
 31033 | D:15     | Learned a level 5 spell: Fireball
 31116 | D:15     | Found Fitsou's Assorted Antiques.
 31127 | D:15     | Bought a wand of charming (4) for 52 gold pieces
 31127 | D:15     | Bought a potion of heal wounds for 130 gold pieces
 31237 | D:15     | Identified the +6 plate armour "Suun" {rPois Regen+ rCorr
                  | Int+2 Dex-5}
 31243 | D:15     | Reached skill level 1 in Fire Magic
 31624 | D:15     | Found a transporter.
 31705 | D:15     | Found Wiet's Weapon Emporium.
 32034 | D:15     | Identified the ring "Plog" {Fire rElec Slay+3}
 33138 | D:12     | Killed Azrael
 33365 | Lair:3   | Killed lunkers's ghost
 33614 | Snake:1  | Reached XP level 17. HP: 87/108 MP: 26/32
 34250 | Snake:1  | Found Cudoacien's Weapon Shop.
 34253 | Snake:1  | Found Tamn's Weapon Boutique.
 34877 | Snake:1  | Reached skill level 10 in Dodging
 35021 | Snake:1  | Reached skill level 16 in Conjurations
 35229 | Snake:2  | Noticed Vashnia
 35590 | Snake:2  | Reached skill level 5 in Evocations
 35654 | Snake:2  | Reached skill level 1 in Summonings
 37202 | Snake:2  | Killed Vashnia
 37465 | Snake:3  | Found Life's Weapon Shop.
 37468 | Snake:3  | Found Peahin's General Store.
 37569 | Snake:3  | Found Fumist's Magic Scroll Shop.
 37894 | Snake:3  | Bought a wand of polymorph (4) for 102 gold pieces
 38062 | Snake:3  | Reached skill level 5 in Stealth
 38492 | Snake:3  | Reached XP level 18. HP: 116/116 MP: 19/34
 39092 | Snake:3  | Noticed Donald
 39118 | Snake:3  | Killed Donald
 39141 | Snake:3  | Reached skill level 17 in Conjurations
 39399 | Snake:3  | Noticed Roxanne
 39459 | Snake:3  | Killed Roxanne
 39610 | Snake:4  | Entered Level 4 of the Snake Pit
 39769 | Snake:4  | Found a snail-covered altar of Cheibriados.
 39884 | Snake:4  | Noticed Louise
 39913 | Snake:4  | Killed Louise
 40625 | Snake:4  | Reached skill level 18 in Conjurations
 41704 | Snake:4  | Got a serpentine rune of Zot
 42107 | Vaults:1 | Entered Level 1 of the Vaults
 43017 | Vaults:1 | Reached skill level 19 in Conjurations
 43259 | Vaults:1 | Learned a level 5 spell: Summon Mana Viper
 43265 | Vaults:1 | Learned a level 5 spell: Metabolic Englaciation
 43343 | Vaults:1 | Reached skill level 1 in Ice Magic
 43743 | Vaults:1 | Reached XP level 19. HP: 110/120 MP: 10/35
 43761 | Vaults:1 | Reached skill level 5 in Summonings
 45089 | Vaults:1 | Found Ciprioh's Armour Boutique.
 45097 | Vaults:1 | Bought the +2 helmet of Least Resistance {+Blink rN+
                  | Regen+} for 621 gold pieces
 45169 | Vaults:1 | Reached skill level 5 in Ice Magic
 45171 | Vaults:1 | Reached skill level 5 in Hexes
 45515 | Vaults:2 | Reached skill level 1 in Staves
 45615 | Vaults:2 | Found a staircase to the Crypt.
 46424 | Vaults:2 | Reached skill level 5 in Staves
 46940 | Vaults:2 | Reached XP level 20. HP: 117/122 MP: 17/35
 47408 | Vaults:3 | Found Wifef's Armour Shoppe.
 47417 | Vaults:3 | Found Pigynwop's Weapon Shop.
 47780 | Vaults:3 | Found Dixzej's Antique Armour Shop.
 47842 | Vaults:3 | Found Zubaomn's Book Boutique.
 47847 | Vaults:3 | Bought a book of Necromancy for 288 gold pieces
 47847 | Vaults:3 | Bought Great Wizards, Vol. II for 456 gold pieces
 47847 | Vaults:3 | Bought a book of the Earth for 432 gold pieces
 48456 | Vaults:3 | Reached skill level 15 in Earth Magic
 48704 | Vaults:3 | Found Kutell's Magic Scroll Shoppe.
 48728 | Vaults:3 | Bought a scroll of enchant armour for 142 gold pieces
 49262 | Snake:3  | Bought a scroll of teleportation for 45 gold pieces
 49262 | Snake:3  | Bought a scroll of teleportation for 45 gold pieces
 49262 | Snake:3  | Bought a scroll of enchant armour for 112 gold pieces
 49262 | Snake:3  | Bought a scroll of teleportation for 45 gold pieces
 49262 | Snake:3  | Bought a scroll of magic mapping for 52 gold pieces
 49501 | Orc:2    | Bought a potion of brilliance for 112 gold pieces
 49501 | Orc:2    | Bought a scroll of blinking for 210 gold pieces
 49647 | D:4      | Bought a scroll of teleportation for 84 gold pieces
 49764 | D:1      | Bought a scroll of fear for 38 gold pieces
 49764 | D:1      | Bought a scroll of summoning for 104 gold pieces
 49764 | D:1      | Bought a scroll of teleportation for 33 gold pieces
 50328 | Vaults:3 | Bought a scroll of teleportation for 57 gold pieces
 50328 | Vaults:3 | Bought a scroll of fear for 66 gold pieces
 50340 | Vaults:3 | Reached skill level 5 in Fire Magic
 52290 | Vaults:4 | Noticed Sojobo
 52307 | Vaults:4 | Killed Sojobo
 52308 | Vaults:4 | Reached XP level 21. HP: 96/127 MP: 8/38
 52849 | Vaults:4 | Noticed 2FriedEggs's ghost (adept DgCj)
 52850 | Vaults:4 | Found a transporter.
 52858 | Vaults:4 | Identified the +12 great mace "Cookie Cutter" {freeze,
                  | Int-3 Dex+5}
 52891 | Vaults:4 | Reached skill level 10 in Spellcasting
 53483 | Vaults:4 | Found a transporter.
 54236 | Crypt:1  | Entered Level 1 of the Crypt
 54611 | Vaults:4 | Learned a level 5 spell: Lee's Rapid Deconstruction
 54617 | Vaults:4 | Learned a level 5 spell: Borgnjor's Vile Clutch
 54992 | Shoals:1 | Entered Level 1 of the Shoals
 55002 | Shoals:1 | Found Xese's Assorted Antiques.
 55011 | Shoals:1 | Bought a scroll labelled PUSUOHUSHIN for 31 gold pieces
 55026 | Shoals:1 | Noticed Frances
 55030 | Shoals:1 | Killed Frances
 55031 | Shoals:1 | Reached skill level 1 in Necromancy
 56261 | Shoals:2 | Found Vihoom's Magic Scroll Shop.
 56618 | Shoals:2 | Noticed Mlioglotl
 56625 | Shoals:2 | Killed Mlioglotl
 56867 | Shoals:3 | Reached skill level 5 in Necromancy
 57227 | Shoals:3 | Noticed Ilsuiw
 57238 | Shoals:3 | Killed Ilsuiw
 57612 | Shoals:3 | Found Sityruly's Self-Improvement Boutique.
 58029 | Shoals:4 | Entered Level 4 of the Shoals
 58065 | Shoals:4 | Paralysed by an air elemental for 1 turns
 58103 | Shoals:4 | Learned a level 6 spell: Death Channel
 58385 | Shoals:4 | Paralysed by an air elemental for 1 turns
 58625 | Shoals:4 | Reached XP level 22. HP: 138/138 MP: 21/42
 59082 | Shoals:4 | Paralysed by an air elemental for 1 turns
 59137 | Shoals:4 | Got a barnacled rune of Zot
 59404 | Shoals:4 | Learned a level 6 spell: Iron Shot
 59958 | Crypt:1  | Reached skill level 10 in Fighting
 61650 | Crypt:3  | Entered Level 3 of the Crypt
 61768 | Crypt:3  | Found an ancient bone altar of Kikubaaqudgha.
 62161 | Crypt:3  | Reached skill level 5 in Armour
 62547 | Crypt:3  | Found a staircase to the Tomb.
 62597 | Crypt:3  | Reached XP level 23. HP: 141/149 MP: 23/43
 62636 | Crypt:3  | Identified the +2 trident of Darkness {spect, Int+2}
 62643 | Crypt:3  | Identified the ring of the Pariah {rPois rF+ MP+9 Int+4
                  | Dex+2}
 62706 | Crypt:3  | Identified the ring "Tiul" {Fly rN+}
 62748 | Crypt:3  | Identified Ereshkigal's Papyrus of Sinister Secrets
 63810 | Depths:1 | Entered Level 1 of the Depths
 64025 | Depths:1 | Found a gateway to Hell.
 64187 | Depths:1 | Found a one-way gate to the infinite horrors of the Abyss.
 64437 | Depths:1 | Identified the +3 chain mail of the Apprentice {Drain +Inv
                  | Dex+4 Stlth+}
 64688 | Depths:1 | Noticed a juggernaut
 64692 | Depths:1 | Killed a juggernaut
 64817 | Depths:1 | Noticed a juggernaut
 64907 | Depths:1 | Killed a juggernaut
 65091 | Depths:1 | Identified the +1 plate armour "Cutuqae" {Rampage Dex+4}
 65491 | Depths:2 | Noticed Aizul
 65496 | Depths:2 | Killed Aizul
 65710 | Depths:2 | Noticed Bai Suzhen
 65715 | Depths:2 | Killed Bai Suzhen
 65928 | Depths:2 | Found a sparkling altar of Nemelex Xobeh.
 66022 | Depths:2 | Noticed a juggernaut
 66067 | Depths:2 | Killed a juggernaut
 66267 | Depths:2 | Found a one-way gate leading to the halls of Pandemonium.
 66325 | Depths:2 | Paralysed by a floating eye for 4 turns
 66922 | Depths:3 | Reached XP level 24. HP: 138/156 MP: 27/43
 66925 | Depths:3 | Paralysed by a sphinx for 2 turns
 66940 | Depths:3 | HP: 5/156 [sphinx/divine providence (10)]
 67205 | Depths:3 | Found a stormy altar of Qazlal.
 67802 | Depths:3 | Found Duotz's Distillery.
 67817 | Depths:3 | Bought 2 potions of heal wounds for 170 gold pieces
 68244 | Depths:3 | Found a corrupted altar of Lugonu.
 68296 | Depths:4 | Entered Level 4 of the Depths
 68570 | Depths:4 | HP: 6/156 [deep troll earth mage/Lee's Rapid Deconstruction
                  | (17)]
 69288 | Depths:4 | Found a gate to the Realm of Zot.
 69539 | Depths:4 | Found a one-way gateway to a ziggurat.
 70239 | Depths:4 | Noticed a juggernaut
 70244 | Depths:4 | Killed a juggernaut
 70327 | Depths:4 | Identified the +1 ring mail "Vieminar" {Str+4 Dex-2 SInv}
 70904 | Vaults:3 | Bought a polished plate armour for 924 gold pieces
 70904 | Vaults:3 | Identified the +1 plate armour "Heank" {Dex+4} (You bought
                  | it in a shop on level 3 of the Vaults)
 71302 | Shoals:3 | Bought a manual of Armour for 1520 gold pieces
 71465 | Slime:1  | Entered Level 1 of the Pits of Slime
 71591 | Slime:4  | Reached skill level 10 in Shields
 71845 | Slime:5  | Entered Level 5 of the Pits of Slime
 71874 | Slime:4  | Gained mutation: You have hidden genetic defects. [a
                  | shining eye]
 72301 | Slime:4  | Reached skill level 10 in Armour
 72430 | Slime:5  | Reached XP level 25. HP: 117/163 MP: 25/47
 72436 | Slime:5  | Gained mutation: You are clumsy. (Dex -2) [hidden defects]
 72527 | Slime:5  | Noticed the Royal Jelly
 72646 | Slime:5  | Identified the +1 robe of Hysteria {Rampage *Slow rN++
                  | Will+}
 72648 | Slime:5  | Identified the Almanac of the Rocks
 72649 | Slime:5  | Identified the +2 broad axe of Uncomfortable Rashes {drain,
                  | rElec Will+ Dex+2 Stlth+}
 72650 | Slime:5  | Found a viscous altar of Jiyva.
 72654 | Slime:5  | Identified the +1 robe "Usecoef" {Rampage Int+6 Stlth+}
 72663 | Slime:5  | Identified the +5 long sword "Jellyslayer" {drain, rC+
                  | Stlth+}
 72671 | Slime:5  | Identified the +1 ring mail of Summertime {rF+}
 73134 | Slime:3  | Learned a level 7 spell: Spellforged Servitor
 73263 | Slime:5  | Killed the Royal Jelly
 73920 | Vaults:5 | Entered Level 5 of the Vaults
 74219 | Vaults:4 | Upgraded the game from 0.29-a0-723-gce39da1c22 to
                  | 0.29-a0-732-g3d7fbe0af2
 74591 | Elf:1    | Entered Level 1 of the Elven Halls
 74764 | Elf:1    | Gained mutation: You are frail. (-10% HP) [hidden defects]
 74764 | Elf:1    | Lost mutation: You have hidden genetic defects. [hidden
                  | defects expressed]
 74801 | Elf:1    | Found a frozen archway.
 74812 | IceCv    | Entered an ice cave
 75491 | Elf:1    | Identified Dakhlaiq's Collected Works on Combat Magic
 76449 | Elf:2    | Found the +7 Singing Sword {vorpal, sonic wave}
 76831 | Elf:2    | Reached skill level 15 in Fighting
 76831 | Elf:2    | Reached skill level 15 in Armour
 76842 | Elf:2    | Found a runed translucent gate.
 76842 | Elf:2    | Found a runed translucent gate.
 76843 | Elf:2    | Found a runed translucent gate.
 77509 | Elf:2    | Reached skill level 1 in Translocations
 77886 | Elf:3    | Entered Level 3 of the Elven Halls
 78056 | Elf:3    | Noticed Mara
 78062 | Elf:3    | Killed Mara
 78345 | Elf:3    | Reached XP level 26. HP: 156/156 MP: 38/47
 78483 | Elf:3    | Noticed Saint Roka
 78488 | Elf:3    | Killed Saint Roka
 79025 | Elf:3    | Reached skill level 10 in Evocations
 79198 | Elf:3    | Found the +3 hat of Pondering {ponderous, Will+ MP+10
                  | Int+5}
 79200 | Elf:3    | Identified the ring "Itzoker" {rPois rC+ rCorr Dex-2 SInv}
 79208 | Elf:3    | Learned a level 5 spell: Summon Forest
 79230 | Elf:3    | Identified the +1 cloak of Resourcefulness {-Cast Harm
                  | Dex+3}
 79250 | Elf:3    | Identified the +8 glaive of Equivalence {speed, rC+ Int+3
                  | SInv}
 79697 | Elf:3    | Identified Xyiroheb's Collected Works on Feathers
 79707 | Elf:3    | Found the +9 staff of Olgreb {rPois∞}
 79709 | Elf:3    | Identified the ring "Tib Keur" {rN+++ MP-9 Int+2 Dex-2
                  | SInv}
 79711 | Elf:3    | Identified the +1 spear of the Original Sin {flame, rElec
                  | Str+5}
 80070 | Shoals:1 | Bought a scroll of blinking for 232 gold pieces
 80070 | Shoals:1 | Bought a scroll of teleportation for 93 gold pieces
 80070 | Shoals:1 | Bought a potion of might for 124 gold pieces
 80070 | Shoals:1 | Bought a pair of embroidered gloves for 232 gold pieces
 80993 | Vaults:5 | Noticed Mennas
 81117 | Vaults:4 | HP: 5/156 [Mennas/+0 sacred scourge of holy wrath (9)]
 81122 | Vaults:4 | Killed Mennas
 81692 | Vaults:5 | Identified the +8 scimitar of the Pits of Slime {spect, rC-
                  | rCorr SInv}
 81698 | Vaults:5 | Found Ginas's General Store.
 81734 | Vaults:5 | Reached skill level 10 in Transmutations
 81966 | Vaults:5 | Noticed an ancient lich
 81970 | Vaults:5 | Killed an ancient lich
 82851 | Vaults:5 | Identified the +2 troll leather armour of Dithmenos's Fury
                  | {Regen+ Str+5}
 82877 | Vaults:5 | Identified the +0 scale mail "Ukoniafi" {rN+ Str+3 Int+7}
 83073 | Vaults:5 | Identified the +7 plate armour of the Sun {Str-5 Int+6}
 83080 | Vaults:5 | Got a silver rune of Zot
 83136 | Vaults:5 | Identified the +0 leather armour of the Iron Devil {Dex+4
                  | Slay+2}
 83152 | Vaults:5 | Identified the +3 great mace of Skirmishing {vamp, rC+}
 83282 | Vaults:5 | Reached XP level 27. HP: 154/159 MP: 4/46
 83394 | Vaults:5 | Identified the Catalogue of Enchantment
 83913 | Vaults:5 | Upgraded the game from 0.29-a0-732-g3d7fbe0af2 to
                  | 0.29-a0-757-g358383bc75
 84308 | Zot:1    | Entered Level 1 of the Realm of Zot
 84552 | Zot:1    | Identified Sif Muna's Disquisition on the Shifting Birds
 85496 | Zot:2    | Noticed an orb of fire
 85500 | Zot:2    | Killed an orb of fire
 85824 | Zot:2    | Noticed Parghit
 85943 | Zot:2    | Identified the +9 broad axe of Ifosopiu {holy, Int-3 Dex+6}
 86180 | Zot:2    | Learned a level 7 spell: Ozocubu's Refrigeration
 86185 | Zot:2    | Learned a level 3 spell: Ozocubu's Armour
 86190 | Zot:2    | Learned a level 4 spell: Leda's Liquefaction
 86272 | Zot:2    | Reached skill level 15 in Spellcasting
 86689 | Zot:2    | Reached skill level 20 in Conjurations
 86933 | Zot:2    | Killed Parghit
 88795 | Zot:4    | Reached skill level 21 in Conjurations
 88795 | Zot:4    | Reached skill level 10 in Ice Magic
 89306 | Zot:5    | Entered Level 5 of the Realm of Zot
 89440 | Hell     | Entered the Vestibule of Hell
 89440 | Hell     | Noticed Geryon
 89513 | Hell     | Killed Geryon
 89675 | Hell     | Found a gateway to the ashen valley of Gehenna.
 90010 | Hell     | Found a gateway to the freezing wastes of Cocytus.
 90399 | Hell     | Found a gateway to the decaying netherworld of Tartarus.
 90584 | Hell     | Reached skill level 22 in Conjurations
 90677 | Hell     | Found a gateway to the Iron City of Dis.
 90897 | Dis:1    | Entered Level 1 of the Iron City of Dis
 92098 | Tar:1    | Entered Level 1 of Tartarus
 93243 | Tar:5    | Reached skill level 15 in Ice Magic
 93537 | Tar:6    | Noticed a dread lich
 93537 | Tar:6    | Noticed a dread lich
 93537 | Tar:6    | Noticed an ancient lich
 93537 | Tar:6    | Noticed an ancient lich
 93547 | Hell     | Killed an ancient lich
 93552 | Hell     | Killed a dread lich
 93668 | Geh:1    | Entered Level 1 of Gehenna
 93713 | Hell     | Slain by a balrug

Illustrated notes

Levels and vault maps discovered:
D:1:      sevenhm_arrival_forest_fort_large_4, layout_loops_ring,
          shapermc_ecumenical_altar_mp_highgroup, serial_shops, shop
D:2:      layout_basic, uniq_crazy_yiuf_cottage
D:3:      layout_basic, nicolae_overflow_hidden_temple, minmay_mini_jars
D:4:      layout_rooms, serial_shops, nicolae_square_shop, uniq_menkaure,
          uniq_robin
D:5:      layout_loops_ring, kennysheep_mini_moat, fiery_altar_vehumet,
          minmay_temple_entry_trees
D:6:      layout_loops_corners, kennysheep_generic_room_9, uniq_grinder,
          uniq_duvessa, uniq_pikel, uniq_blork_the_orc
D:7:      layout_basic, mainiacjoe_overflow_concentric_impassable, uniq_maggie
D:8:      layout_loops_ring, tgw_sif, lemuel_crystal_altar, lair_entry_dummy
D:9:      layout_stronghold, orc_david_3, serial_shops, shop, uniq_erolcha
D:10:     layout_gridville, uniq_psyche
D:11:     layout_long_grid
D:12:     layout_roguey, guppyfry_shop_blood, uniq_fannar, uniq_azrael
D:13:     minmay_s_stair_smasher, layout_loops_cross, gauntlet_entry_generic
D:14:     layout_cave_pools, grunt_vaults_entry_fortified,
          grunt_decor_mini_mirrors, serial_shops, nicolae_shop_statue_plus,
          fungi_pond_lemuel
D:15:     hangedman_spin_cycle
Temple:   nicolae_temple_figure_eight
Lair:1:   layout_gridlike
Lair:2:   layout_chaotic_city, minmay_shoals_entry_beasts
Lair:3:   layout_hall_layers, dummy_snake_entry, ebering_ghost_disaster_area,
          st_stairs_13, minivault_23
Lair:4:   layout_loops_ring, basic_altar, special_room
          [special_room_mythical_zoo], serial_bayou_ford_a, wad_woods_road_03,
          grunt_megastairs_2, lemuel_fruit_tree, serial_bayou_shore_a
Lair:5:   layout_roguey, minmay_lair_drake_nest
Lair:6:   minmay_lair_end_enchanted_forest, layout_misc_corridors,
          slime_entry_1, serial_bayou_pond_e, grunt_megastairs_5, uniq_rupert
Shoals:1: layout_shoals, serial_shops, nicolae_shop_overgrown_old_shop,
          uniq_frances
Shoals:2: layout_shoals, serial_shops, shop, nicolae_shoals_circle_sea_wall,
          uniq_mlioglotl
Shoals:3: layout_shoals, nicolae_shop_self_help, uniq_ilsuiw
Shoals:4: shoals_end_hellmonk_storm_palace [storm_palace_center_circular,
          storm_palace_corner_narrow, storm_palace_corner_pillars,
          storm_palace_corner_narrow, storm_palace_corner_narrow]
Snake:1:  layout_basic, abandoned_shop, grunt_ministairs_11, st_stairs_4,
          grunt_megastairs_1, minmay_shoptagon
Snake:2:  nicolae_snake_nest, layout_chambers, special_room, uniq_vashnia
Snake:3:  layout_chambers, serial_shops, shop, shop, nicolae_stop_n_shop_2,
          uniq_donald, uniq_roxanne
Snake:4:  grunt_snake_rune_pools, layout_onion, basic_altar, grunt_ministairs_3,
          grunt_megastairs_3, uniq_louise
Slime:1:  layout_caves
Slime:2:  cheibrodos_slime_lost_civilization_9, layout_caves,
          cheibrodos_slime_lost_civilization_5
Slime:3:  layout_caves
Slime:4:  layout_caves
Slime:5
Orc:1:    layout_caves, uniq_sonja
Orc:2:    st_orc_mages, layout_caves, nicolae_orc_tapped_out
Elf:1:    minmay_elf_arrival_summoners, layout_geoelf_octagon,
          portal_ice_cave_entry_frozen_things, minmay_elf_annihilation
Elf:2:    nicolae_elf_blades_splatter_lattice
          [nicolae_blade_entry_diamond_columns], layout_geoelf_grid,
          chequers_big_river
Elf:3:    elf_hall_gauntlet_wide, layout_onion_city, uniq_saint_roka, uniq_mara
Vaults:1: nicolae_vaults_what_the_h, grunt_vaults_twisty,
          nicolae_vaults_network_periphery, ontoclasm_vaults_loading_screen,
          ontoclasm_vaults_pinch, nicolae_vaults_network_square,
          vaults_room_boxed, vaults_room_grid, hangedman_vaults_corner_blocks,
          vaults_room_ringed_pool, layout_vaults_big_room, serial_shops,
          nicolae_diamond_shop
Vaults:2: vaults_standard_mumra_lines, hangedman_vaults_river_flow,
          nicolae_vaults_windows_and_doors_thing, v_alt_pattern_2, v_misc_22,
          nicolae_vaults_diagonal_hallway_6, hangedman_vaults_variations,
          nicolae_vaults_big_ls, minmay_crypt_entry_simple_box,
          vaults_room_fancy_cross, layout_vaults_omnibox
Vaults:3: hangedman_vaults_cutoff, ontoclasm_vaults_spin,
          ontoclasm_vaults_shuriken, hangedman_vaults_maws, v_misc_17,
          hangedman_vaults_nodes, layout_vaults_omnicross, serial_shops, shop,
          nicolae_shop_hallway_plus, shop, shop, shop
Vaults:4: gammafunk_ghost_smash, nicolae_vaults_yaktaur_gun_rack,
          ontoclasm_vaults_fault, vaults_room_pools,
          hangedman_vaults_restitches, nicolae_vaults_quartermaster,
          ontoclasm_vaults_eye, layout_vaults_omnigrid, uniq_sojobo
Vaults:5: uniq_mennas
Crypt:1:  layout_gridlike, serial_corexii_hall, corexii_hall_statues_deadend,
          chequers_hall_statues_y, hangedman_weighted_door
Crypt:2:  layout_gridlike, st_stairs_14, serial_sigils_hangedman_shear
Crypt:3:  due_elkab, layout_chaotic_city, lemuel_statue_altar
Depths:1: layout_gridlike, pf_hell_entry_great_geh, minmay_misc_feat_cross,
          abyss_entry, minmay_the_grid_square_5x5_3x3_mashed
          [minmay_the_grid_square_5x5_spiral_small,
          minmay_the_grid_square_5x5_seven,
          minmay_the_grid_square_5x5_inverted_slash,
          minmay_the_grid_square_5x5_checkered_statues,
          minmay_the_grid_square_5x5_megaprize_crossed,
          minmay_the_grid_square_5x5_half_checkered,
          minmay_the_grid_square_5x5_mess, minmay_the_grid_square_5x5_percent,
          minmay_the_grid_square_5x5_corner]
Depths:2: nzn_winding_woodlands_cross
          [nzn_winding_woodlands_5x15_river_crossing,
          nzn_winding_woodlands_5x15_default,
          nzn_winding_woodlands_5x15_pathside_ponds,
          nzn_winding_woodlands_5x15_crooked,
          nzn_winding_woodlands_15x15_thick_spiral], layout_basic, hell_entry,
          nemelex_diamond_rough_becter, rand_demon_pan_entry_4, uniq_bai_suzhen,
          uniq_aizul
Depths:3: dreamdust_cat_pyramid, layout_basic, abyss_entry_flame_altar,
          grunt_pan_entry_in_and_out, hell_entry,
          nicolae_qazlal_style_of_elements, infiniplex_staircase_spiral_double,
          minmay_shop_star, uniq_margery
Depths:4: grunt_zot_entry_tricorne, layout_gridlike, enter_ziggurat_a,
          grunt_hell_entry_demonic_statue, minmay_misc_feat_five,
          hangedman_decor_peaks_small, feat_on_display
Hell
Dis:1:    layout_gridville, hangedman_dis_chains
Dis:2:    layout_jigsaw
Geh:1:    layout_gehenna_pools_triple
Geh:2:    layout_gehenna_pools_box
Tar:1:    layout_honeycomb
Tar:2:    layout_grid_maze, nicolae_hells_seeping_fissure
Tar:3:    layout_catacombs
Tar:4:    layout_catacombs
Tar:5:    layout_grid_maze, nicolae_tar_windowcombs
Tar:6:    layout_catacombs, nicolae_tar_cuneiform_bird,
          nicolae_tar_liches_on_tour
Zot:1:    kennysheep_blocky_hall, layout_basic, st_stairs_11
Zot:2:    layout_gridlike, st_small_dragon_hoard_2, uniq_parghit
Zot:3:    layout_gridlike
Zot:4:    layout_misc_corridors
Zot:5:    layout_twisted_circle

Skill      XL: |  1  2  3  4  5  6  7  8  9 10 11 12 13 14 15 16 17 18 19 20 21 22 23 24 25 26 27 |
---------------+----------------------------------------------------------------------------------+-----
Transmutations | 1 4 5 7 8 10 | 10.7
Earth Magic    | 4 7 9 10 11 13 14 15 17 21 | 21.9
Maces & Flails | 2 3 5 7 10 12 | 12.0
Fighting       | 3 6 8 9 11 12 15 | 15.8
Shields        | 5 6 8 9 11 12 13 | 13.3
Conjurations   | 2 5 8 11 14 15 16 19 22 | 22.4
Spellcasting   | 3 5 6 7 9 10 11 14 15 | 15.3
Stealth        | 3 5 9 |  9.3
Evocations     | 1 4 7 8 9 12 | 12.7
Dodging        | 2 6 8 9 10 11 | 11.4
Armour         | 2 3 5 7 10 15 16 | 16.4
Hexes          | 3 4 7 |  7.6
Fire Magic     | 3 6 7 |  7.5
Summonings     | 4 7 |  7.5
Ice Magic      | 2 5 7 16 | 16.5
Staves         | 5 |  5.1
Necromancy     | 7 9 |  9.9
Translocations | 2 4 |  4.5

Action                   |  1- 3 |  4- 6 |  7- 9 | 10-12 | 13-15 | 16-18 | 19-21 | 22-24 | 25-27 || total
-------------------------+-------+-------+-------+-------+-------+-------+-------+-------+-------++-------
Melee: Short sword       |     1 |       |       |       |       |       |       |       |       ||     1
       Whip              |       |    74 |   129 |   459 |  1005 |   764 |    21 |       |       ||  2452
       Punch             |       |     1 |     1 |       |       |       |       |       |       ||     2
       Staff             |       |       |       |       |       |       |   833 |  1006 |  1277 ||  3116
       Demon whip        |       |       |       |       |       |       |    54 |       |       ||    54
 Cast: Sandblast         |    31 |    41 |    80 |    36 |       |       |       |       |       ||   188
       Stone Arrow       |       |       |     3 |    48 |   337 |   585 |   329 |     7 |       ||  1309
       Petrify           |       |       |       |     2 |     1 |       |     2 |       |       ||     5
       Passwall          |       |       |       |     1 |       |       |       |       |     1 ||     2
       Iskenderun's Batt |       |       |       |       |     5 |     3 |     1 |       |       ||     9
       Orb of Destructio |       |       |       |       |    31 |   150 |   252 |   110 |   109 ||   652
       Fireball          |       |       |       |       |       |    13 |    52 |    16 |    28 ||   109
       Dazzling Flash    |       |       |       |       |       |     5 |     5 |       |       ||    10
       Metabolic Englaci |       |       |       |       |       |       |     5 |     4 |     4 ||    13
       Summon Mana Viper |       |       |       |       |       |       |     1 |       |       ||     1
       Lee's Rapid Decon |       |       |       |       |       |       |     3 |     1 |       ||     4
       Borgnjor's Vile C |       |       |       |       |       |       |     2 |     7 |     9 ||    18
       Death Channel     |       |       |       |       |       |       |     1 |     3 |     4 ||     8
       Iron Shot         |       |       |       |       |       |       |       |   458 |   874 ||  1332
       Spellforged Servi |       |       |       |       |       |       |       |       |     1 ||     1
       Summon Forest     |       |       |       |       |       |       |       |       |     4 ||     4
       Ozocubu's Refrige |       |       |       |       |       |       |       |       |     9 ||     9
       Ozocubu's Armour  |       |       |       |       |       |       |       |       |     1 ||     1
Invok: Curse Item        |       |       |       |     6 |     5 |     4 |     2 |       |     5 ||    22
       Shatter the Chain |       |       |       |       |     5 |       |     2 |       |     5 ||    12
 Abil: Evoke Blink       |       |       |       |       |       |       |     2 |       |     7 ||     9
Evoke: Wand              |       |       |       |     8 |    10 |     6 |    12 |    10 |     9 ||    55
       Lightning rod     |       |       |       |       |       |       |     4 |     4 |     4 ||    12
       Condenser vane    |       |       |       |       |       |       |     1 |     3 |     2 ||     6
       Box of beasts     |       |       |       |       |       |       |       |     1 |     1 ||     2
  Use: Scroll            |     2 |       |     5 |     3 |    12 |    15 |    10 |     3 |    26 ||    76
       Potion            |       |       |       |       |     4 |     1 |     4 |     1 |    11 ||    21
 Stab: Sleeping          |       |     6 |       |     2 |       |     1 |     6 |    15 |    15 ||    45
       Petrified         |       |       |       |     7 |       |       |       |       |       ||     7
       Distracted        |       |       |       |       |     3 |       |     3 |     2 |     1 ||     9
       Invisible         |       |       |       |       |       |     4 |     3 |       |       ||     7
Armor: Robe              |     1 |    31 |    30 |    37 |    55 |   252 |   352 |   403 |   341 ||  1502
       Swamp dragon scal |       |       |       |    33 |   345 |       |       |       |       ||   378
       Quicksilver drago |       |       |       |       |       |       |       |       |    13 ||    13
       Troll leather arm |       |       |       |       |       |       |       |       |   482 ||   482
Dodge: Dodged            |     4 |    45 |    55 |    95 |   390 |   353 |   494 |   449 |   706 ||  2591
Block: Other             |       |       |    31 |     3 |       |       |       |       |       ||    34
       Buckler           |       |       |       |   125 |   200 |       |       |       |       ||   325
       Reflection        |       |       |       |       |     1 |       |       |       |    55 ||    56
       Kite shield       |       |       |       |       |    75 |   693 |   938 |   773 |  1205 ||  3684

Table legend: (Time is in decaauts)
 A = Elapsed time spent in this place.
 B = Non-inter-level travel time spent in this place.
 C = Inter-level travel time spent in this place.
 D = Time resting spent in this place.
 E = Time spent auto-exploring this place.
 F = Levels seen in this place.
 G = Mean time per level.
                   A        B        C        D        E       F      G
               +--------+--------+--------+--------+--------+-----+--------+
         Total |  92187 |  81097 |  11090 |  14128 |  45746 |  70 | 1317.0 |
       Dungeon |  22654 |  18709 |   3945 |   3311 |  12644 |  15 | 1510.3 |
        Temple |    235 |    204 |     31 |      0 |    196 |   1 |  235.0 |
          Lair |  10797 |   9589 |   1208 |   1398 |   6538 |   6 | 1799.5 |
        Shoals |   4530 |   4220 |    310 |    278 |   2759 |   4 | 1132.5 |
     Snake Pit |   8463 |   7982 |    481 |   1444 |   4641 |   4 | 2115.8 |
    Slime Pits |   1917 |   1894 |     23 |    705 |    221 |   5 |  383.4 |
  Orcish Mines |   1770 |   1620 |    150 |    401 |    803 |   2 |  885.0 |
   Elven Halls |   4600 |   4323 |    277 |    350 |   2399 |   3 | 1533.3 |
        Vaults |  16230 |  13338 |   2892 |   2873 |   5987 |   5 | 3246.0 |
         Crypt |   3745 |   3546 |    199 |    293 |   2047 |   3 | 1248.3 |
        Depths |   7334 |   6309 |   1025 |   1382 |   3243 |   4 | 1833.5 |
          Hell |   1619 |   1546 |     73 |    421 |    547 |   1 | 1619.0 |
           Dis |    399 |    383 |     16 |     56 |    160 |   2 |  199.5 |
       Gehenna |     39 |     39 |      0 |      0 |      0 |   2 |   19.5 |
      Tartarus |   1352 |   1299 |     53 |    306 |    499 |   6 |  225.3 |
           Zot |   5014 |   4614 |    400 |    910 |   2131 |   5 | 1002.8 |
      Ice Cave |    561 |    561 |      0 |      0 |    273 |   1 |  561.0 |
      Gauntlet |    922 |    922 |      0 |      0 |    657 |   1 |  922.0 |
               +--------+--------+--------+--------+--------+-----+--------+

Top non-repeatable levels by time:
Vaults:1: 4479 daAuts
Vaults:4: 3797 daAuts
    D:15: 3033 daAuts
Vaults:3: 2861 daAuts
Vaults:5: 2638 daAuts
    D:13: 2577 daAuts
Vaults:2: 2453 daAuts
Depths:3: 2397 daAuts
  Lair:4: 2245 daAuts
 Snake:2: 2217 daAuts
     D:6: 2172 daAuts
 Snake:4: 2171 daAuts
   Zot:2: 2147 daAuts
    D:14: 2126 daAuts
 Snake:3: 2066 daAuts
